 Dungeon Crawl Stone Soup version 0.17-a0-1409-ge6d9485 (webtiles) character file.

1449 urechis the Spear-Bearer (level 8, -2/64 HPs)
             Began as a Merfolk Skald on June 22, 2015.
             Was an Initiate of Yredelemnul.
             Slain by a sheep (9 damage)
             ... in the Ecumenical Temple.
             The game lasted 00:20:56 (6309 turns).

urechis the Spear-Bearer (Merfolk Skald)            Turns: 6309, Time: 00:20:56

Health: -2/64      AC:  7    Str: 12    XL:     8   Next: 75%
Magic:  9/11       EV: 14    Int: 12    God:    Yredelemnul [......]
Gold:   222        SH:  0    Dex: 15    Spells: 5 memorised, 0 levels left

rFire  . . .     SeeInvis .     a - +0 spear
rCold  . . .     Clarity  .     u - +0 leather armour
rNeg   + . .     SustAt   .     (no shield)
rPois  .         Gourm    .     (no helmet)
rElec  .         Spirit   .     J - +2 cloak {MR+}
rCorr  .         Warding  .     (no gloves)
rMut   .         Stasis   .     g - +0 pair of boots
MR     +....                    L - amulet of faith
Stlth  +.........               (no ring)
                                K - ring of positive energy

@: somewhat resistant to hostile enchantments, very unstealthy
A: change form in water, swift swim
a: Renounce Religion


You were in the Ecumenical Temple.
You worshipped Yredelemnul.
Yredelemnul was noncommittal.
You were not hungry.

You visited 2 branches of the dungeon, and saw 8 of its levels.

You collected 222 gold pieces.

Inventory:

Hand weapons
 a - a +0 spear (weapon)
 b - a +0 hunting sling
Missiles
 r - 32 poisoned needles
 v - 17 sling bullets
Armour
 g - a +0 pair of boots (worn)
 u - a +0 leather armour (worn)
 J - a +2 cloak of magic resistance (worn)
Jewellery
 e - an uncursed amulet of resist mutation
 A - an uncursed amulet of rage
 K - a ring of positive energy (left hand)
 L - an amulet of faith (around neck)
 P - an uncursed amulet of warding
Magical devices
 C - a wand of confusion (21)
 O - a wand of disintegration (12)
Scrolls
 f - 9 scrolls of identify {unknown}
 j - 2 scrolls of recharging {unknown}
 k - a scroll of magic mapping {unknown}
 l - a scroll of enchant armour {unknown}
 n - 6 scrolls of teleportation {unknown}
 q - 3 scrolls of fear {unknown}
 t - a scroll of random uselessness {unknown}
 w - a scroll of remove curse {unknown}
 x - a scroll of fog {unknown}
 y - 4 scrolls of immolation {unknown}
 z - 2 scrolls of noise {unknown}
 M - a scroll of blinking {unknown}
Potions
 h - 2 potions of curing {unknown}
 i - 2 potions of lignification {unknown}
 o - 2 potions of heal wounds {unknown}
 s - a potion of invisibility {unknown}
 B - a potion of ambrosia {unknown}
 D - 2 potions of flight {unknown}
 E - a potion of mutation {unknown}
 F - 3 potions of haste {unknown}
 G - 2 potions of cancellation {unknown}
 H - 2 potions of berserk rage {unknown}
 I - a potion of magic {unknown}
Comestibles
 d - 6 bread rations
 m - 2 beef jerkies
 p - 6 meat rations


   Skills:
 * Level 5.9 Fighting
 - Level 12.0 Polearms
 - Level 0.6 Armour
 + Level 4.9 Dodging
 - Level 2.0 Spellcasting
 - Level 3.2 Charms


You couldn't memorise any spells.
You knew the following spells:

 Your Spells              Type           Power        Failure   Level  Hunger
a - Infusion              Chrm           #.....       12%         1    ##.....
b - Song of Slaying       Chrm           #.......     17%         2    ###....
c - Shroud of Golubria    Chrm/Tloc      #.........   28%         2    ###....
d - Regeneration          Chrm/Necr      #.........   58%         3    ####...
e - Spectral Weapon       Hex/Chrm       #.......     58%         3    ####...


Dungeon Overview and Level Annotations

Branches:
Dungeon (7/15)             Temple (1/1) D:7

Altars:
Cheibriados
Dithmenos
Elyvilon
Fedhas
Gozag
Kikubaaqudgha
Makhleb
Nemelex Xobeh
Okawaru
Qazlal
Ru
Sif Muna
Trog
Vehumet
Xom
Yredelemnul
Zin
The Shining One


Message History

You are too injured to fight recklessly!
You hit the sheep.
The sheep is severely wounded.
You barely miss the sheep.
The sheep is severely wounded.
The sheep bites you!
* * * LOW HITPOINT WARNING * * *
Your magical infusion is running out.
You are no longer magically infusing your attacks.
There is a staircase to the Ecumenical Temple here.
The sheep bites you but does no damage.
You climb downwards.
Welcome to the Ecumenical Temple!
There is a staircase back to the Dungeon here.
You hit the sheep.
The sheep is severely wounded.
You barely miss the sheep.
The sheep is severely wounded.
The sheep bites you!
You die...
Your body rises from the dead as a mindless zombie.

#._....##...........##...._.#
#...#...#._.#####._.#...#...#
#####._.#...#...#....._.#####
#...##.##._.#####...#
#####...#...#...#####
#._......._.# #...##.##...#
#####.Y.##### #.@.# #...#
#####


You could see a sheep.

Vanquished Creatures
  A human (D:7)
  The ghost of Charly the Chopper, an average DsSk (D:4)
  An orc warrior (D:6)
  A phantom (D:5)
  3 ogres
  A centaur (D:5)
  An ice beast (D:7)
  2 scorpions
  A crimson imp (D:5)
  Crazy Yiuf (D:5)
  An orc priest (D:5)
  A centaur skeleton (D:4)
  2 iguanas
  3 orc wizards
  2 worker ants
  A hound skeleton (D:5)
  A shadow imp (D:5)
  5 adders
  An ooze (D:6)
  An adder skeleton (D:4)
  A worm (D:4)
  2 giant geckos
  18 orcs
  2 ball pythons
  20 bats
  A bat skeleton (D:7)
  A giant cockroach (D:6)
  12 goblins
  6 hobgoblins
  2 quokkas
  A giant newt (D:6)
  12 jackals
  A jackal skeleton (D:4)
  11 kobolds
  8 rats
129 creatures vanquished.

Notes
Turn   | Place    | Note
--------------------------------------------------------------
     0 | D:1      | urechis the Merfolk Skald began the quest for the Orb.
     0 | D:1      | Reached XP level 1. HP: 16/16 MP: 3/3
   249 | D:1      | Reached skill level 4 in Polearms
   249 | D:1      | Reached XP level 2. HP: 22/22 MP: 5/5
   682 | D:2      | Found an opulent altar of Gozag.
   771 | D:2      | Reached skill level 5 in Polearms
   771 | D:2      | Reached XP level 3. HP: 24/27 MP: 6/6
   964 | D:2      | Learned a level 2 spell: Song of Slaying
  1360 | D:3      | Reached skill level 6 in Polearms
  1360 | D:3      | Reached XP level 4. HP: 3/33 MP: 5/7
  1812 | D:3      | Reached skill level 7 in Polearms
  2181 | D:3      | Reached XP level 5. HP: 34/38 MP: 8/8
  2364 | D:4      | Noticed Charly's ghost (average DsSk)
  2948 | D:3      | Reached skill level 8 in Polearms
  3569 | D:4      | Reached XP level 6. HP: 37/44 MP: 9/9
  3652 | D:4      | Learned a level 2 spell: Shroud of Golubria
  4053 | D:4      | Killed Charly's ghost
  4053 | D:4      | Reached skill level 9 in Polearms
  4081 | D:5      | Entered Level 5 of the Dungeon
  4088 | D:5      | Reached skill level 10 in Polearms
  4437 | D:5      | Reached XP level 7. HP: 46/50 MP: 10/10
  4453 | D:5      | Reached skill level 11 in Polearms
  4940 | D:5      | Reached skill level 12 in Polearms
  5025 | D:5      | Noticed Crazy Yiuf
  5039 | D:5      | Killed Crazy Yiuf
  5249 | D:5      | Reached XP level 8. HP: 54/58 MP: 11/11
  5450 | D:6      | Found a white marble altar of Elyvilon.
  5455 | D:6      | Found a glowing golden altar of the Shining One.
  5813 | D:6      | Learned a level 3 spell: Regeneration
  5817 | D:6      | Learned a level 3 spell: Spectral Weapon
  5874 | D:7      | Reached skill level 5 in Fighting
  6017 | D:7      | Found a staircase to the Ecumenical Temple.
  6024 | Temple   | Entered the Ecumenical Temple
  6046 | Temple   | Became a worshipper of Yredelemnul the Dark
  6290 | D:7      | HP: 3/64 [sheep (11)]
  6309 | Temple   | Slain by a sheep

Vault maps used:
D:1:      zelgadis_glass_arrival_small
D:2:      grunt_gozag_breadcrumbs, first_bread
D:4:      hex_tiny, interstate_on_off
D:5:      uniq_crazy_yiuf_cottage
D:6:      overflow_temple_1_default, tso_metal_star, uniq_menkaure
D:7:      minmay_temple_entry_steel_oval, grunt_livestock
Temple:   eino_wide_crystal_templ_15

Action                   |  1- 3 |  4- 6 |  7- 9 || total
-------------------------+-------+-------+-------++-------
Melee: Spear             |   183 |   256 |   357 ||   796
 Fire: Hunting sling     |     1 |    31 |    16 ||    48
 Cast: Song of Slaying   |     2 |       |       ||     2
       Infusion          |       |     1 |     2 ||     3
 Abil: Evoke Berserk Rag |       |       |     5 ||     5
 Stab: Sleeping          |     2 |     3 |       ||     5
       Distracted        |       |       |     1 ||     1
  Eat: Chunk             |     2 |     8 |     8 ||    18
       Pizza             |       |     1 |       ||     1
       Beef jerky        |       |       |     1 ||     1
